 Dungeon Crawl Stone Soup version 0.28-a0-556-gab23d0e057 (webtiles) character file.

Game seed: 9792805908486017560

2410 AttackTheMoon the Sneak (level 9, -4/64 HPs)
             Began as an Octopode Fighter on Sept 28, 2021.
             Was an Initiate of Ru.
             Slain by a steam dragon (9 damage)
             ... on level 6 of the Dungeon.
             The game lasted 00:21:38 (8836 turns).

AttackTheMoon the Sneak (Octopode Fighter)          Turns: 8836, Time: 00:21:39

Health: -4/64      AC:  3    Str: 24    XL:     9   Next: 47%
Magic:  9/9        EV: 15    Int: 11    God:    Ru [......]
Gold:   294        SH:  6    Dex: 11    Spells: 8/8 levels left

rFire   . . .      SeeInvis .   p - +0 broad axe
rCold   . . .      Faith    .   b - +2 buckler
rNeg    . . .      Spirit   .   r - +2 hat
rPois   .          Reflect  .   (no amulet)
rElec   .          Harm     .   c - ring of resist corrosion
rCorr   +          Rampage  .   i - +6 ring of strength
Will    .....                   (no ring)
Stlth   +++++.....              (no ring)
HPRegen 0.20/turn               (no ring)
MPRegen 0.11/turn               (no ring)
                                (no ring)
                                (no ring)

@: studying Fighting
A: almost no armour, amphibious, 8 rings, camouflage 1, gelatinous body 1,
(nimble swimmer 1), tentacles
a: Renounce Religion


You were on level 6 of the Dungeon.
You worshipped Ru.
Ru was noncommittal.
You visited 2 branches of the dungeon, and saw 7 of its levels.
You also visited: Sewer.

You collected 294 gold pieces.

Inventory:

Hand Weapons
 a - a +0 war axe
 p - a +0 broad axe (weapon)
Armour
 b - a +2 buckler (worn)
 r - a +2 hat (worn)
Jewellery
 c - a ring of resist corrosion (left tentacle)
 i - a +6 ring of strength (right tentacle)
 q - a ring of fire
 s - a ring of protection from cold
Wands
 e - a wand of flame (3) (quivered)
 m - a wand of iceblast (11)
Scrolls
 o - 2 scrolls of teleportation
 t - a scroll of enchant armour
 u - 2 scrolls of identify
 w - a scroll of blinking
Potions
 d - a potion of attraction
 f - 2 potions of curing
 g - 2 potions of degeneration {unknown}
 h - a potion of ambrosia {unknown}
 j - a potion of magic {unknown}
 k - 2 potions of heal wounds {unknown}
 l - a potion of brilliance {unknown}
 n - 4 potions of lignification {unknown}
 v - a potion of mutation {unknown}


   Skills:
 + Level 7.5 Fighting
 + Level 5.9 Axes
 + Level 6.4 Dodging
 + Level 7.9 Stealth
 - Level 4.0 Shields
 + Level 4.5 Evocations


You had 8 spell levels left.
You didn't know any spells.
Your spell library contained the following spells:

 Spells                   Type           Power      Damage    Failure   Level
 Corpse Rot               Necr/Air       N/A        N/A       47%         2
 Poisonous Vapours        Pois/Air       0%         N/A       47%         2
 Summon Forest            Summ/Tloc      0%         N/A       100%        5
 Monstrous Menagerie      Summ           0%         N/A       100%        7
 Summon Hydra             Summ           0%         N/A       100%        7


Dungeon Overview and Level Annotations

Branches:
Dungeon (6/15)             Temple (1/1) D:5           Sewer (visited)

Altars:
Ashenzari
Dithmenos
Elyvilon
Hepliaklqana
Kikubaaqudgha
Makhleb
Okawaru
Ru
Sif Muna
Trog
Uskayaw
Vehumet
Wu Jian
Xom
Yredelemnul
Zin
The Shining One


Innate Abilities, Weirdness & Mutations

You cannot wear most types of armour.
You are amphibious.
You can wear up to eight rings at the same time.
Your skin changes colour to match your surroundings (Stealth+).
Your rubbery body absorbs attacks. (AC +1, EV +1)
((You are camouflaged near water. (Stealth+)))
You have tentacles for arms and can constrict up to eight enemies at once.


Message History

You see here 15 sling bullets.
A steam dragon comes into view.
A steam dragon is nearby!
The steam dragon misses you. The steam dragon claws you.
You barely miss the steam dragon. The steam dragon misses you.
You block the steam dragon's attack.
You closely miss the steam dragon. The steam dragon barely misses you.
You block the steam dragon's attack. The steam dragon breathes steam at you.
The ball of steam misses you.
You barely miss the steam dragon.
You are engulfed in a cloud of scalding steam.
The steam dragon misses you. The steam dragon claws you.
You slash the steam dragon!
The steam dragon is moderately wounded.
You are engulfed in a cloud of scalding steam.
The steam dragon breathes steam at you. The ball of steam hits you!!
* * * LOW HITPOINT WARNING * * *
You are too injured to fight recklessly!
You are too injured to fight recklessly!
You are too injured to fight recklessly!
You are too injured to fight recklessly!
You are too injured to fight recklessly!
You are too injured to fight recklessly!
You are too injured to fight recklessly!
You are too injured to fight recklessly!
You are too injured to fight recklessly!
You are too injured to fight recklessly!
You are too injured to fight recklessly!
You are too injured to fight recklessly!
You are too injured to fight recklessly!
You are too injured to fight recklessly!
You are too injured to fight recklessly!
You hit the steam dragon but do no damage.
The steam dragon is moderately wounded.
You are engulfed in a cloud of scalding steam.
* * * LOW HITPOINT WARNING * * *
The steam dragon bites you!
You die...

############# #............
#.########### #.#
##########.###########
#>................>...
#.###.####.#######.##. #.#
#D# #.# #.##.
#.###@####.#######..#.
#...§§................
#.###.####.#######.... #(#
#.# #.# #.#..
#.###§####.#######.#..
#...#.......(....#.##.
######.#####.######.#.##.
###...................#....
#......#.#.....######......


You could see a steam dragon (catching breath).

Vanquished Creatures
  Grinder (Sewer)
  Prince Ribbit (D:5)
  Menkaure (D:5)
  Duvessa (D:5)
  A water moccasin (D:5)
  An orc warrior (D:6)
  2 necrophages
  3 ogres
  2 kobold brigands (Sewer)
  5 scorpions
  A water moccasin skeleton (D:6)
  Dowan (D:5)
  A jelly (D:4)
  6 orc priests
  2 hounds
  A centaur skeleton (D:5)
  A bullfrog skeleton (D:4)
  3 iguanas
  Ijyb (D:3)
  A hound skeleton (D:4)
  3 gnolls (D:6)
  7 adders
  2 shadow imps (Sewer)
  4 ufetubi
  2 adder skeletons (D:4)
  4 worms
  3 dart slugs
  12 orcs
  7 bats
  3 endoplasms
  11 giant cockroaches
  4 goblins
  3 hobgoblins
  7 quokkas
  4 ball pythons
  2 frilled lizards
  19 kobolds
  3 kobold zombies (Sewer)
  5 rats
141 creatures vanquished.

Vanquished Creatures (others)
  A kobold (Sewer)
  A plant (D:5)
2 creatures vanquished.

Grand Total: 143 creatures vanquished

Notes
Turn   | Place    | Note
-------+----------+-------------------------------------------
     0 | D:1      | AttackTheMoon the Octopode Fighter began the quest for the
                  | Orb.
     0 | D:1      | Reached XP level 1. HP: 16/16 MP: 1/1
   163 | D:1      | Reached XP level 2. HP: 21/21 MP: 2/2
   319 | D:1      | Reached skill level 1 in Stealth
  1018 | D:2      | Reached XP level 3. HP: 19/26 MP: 3/3
  1508 | D:2      | Reached XP level 4. HP: 7/31 MP: 4/4
  1975 | D:3      | Found a glowing drain.
  1993 | Sewer    | Entered a sewer
  2584 | Sewer    | Found an ancient bone altar of Kikubaaqudgha.
  2584 | Sewer    | Noticed a kobold brigand
  2610 | Sewer    | Killed a kobold brigand
  2611 | Sewer    | Reached XP level 5. HP: 2/37 MP: 5/5
  2937 | Sewer    | Noticed a necrophage
  2946 | Sewer    | Noticed a kobold brigand
  2956 | Sewer    | Killed a necrophage
  2957 | Sewer    | Reached XP level 6. HP: 12/43 MP: 6/6
  3482 | Sewer    | Noticed Grinder
  3917 | Sewer    | Paralysed by Grinder for 5 turns
  3922 | Sewer    | Killed Grinder
  3923 | Sewer    | Reached XP level 7. HP: 26/49 MP: 7/7
  4407 | D:3      | Noticed Ijyb
  4411 | D:3      | Killed Ijyb
  4783 | D:4      | Reached skill level 5 in Stealth
  5073 | D:4      | Reached skill level 1 in Evocations
  5159 | D:4      | HP: 2/49 [poisoned by a scorpion]
  5440 | D:4      | Found a glowing silver altar of Zin.
  5714 | D:4      | Reached skill level 5 in Dodging
  5745 | D:4      | Reached skill level 5 in Fighting
  5746 | D:4      | Reached XP level 8. HP: 44/55 MP: 8/8
  5839 | D:4      | Found a broken altar of Ashenzari.
  6060 | D:4      | Identified a scroll of acquirement
  6060 | D:4      | Acquired a manual of Fighting
  6085 | D:5      | Entered Level 5 of the Dungeon
  6085 | D:5      | Found a staircase to the Ecumenical Temple.
  6394 | D:5      | Noticed Menkaure
  6403 | D:5      | Killed Menkaure
  6735 | D:5      | Reached skill level 5 in Axes
  7122 | D:5      | Noticed Prince Ribbit
  7124 | D:5      | Noticed Dowan
  7125 | D:5      | Noticed Duvessa
  7133 | D:5      | Killed Dowan
  7138 | D:5      | Killed Prince Ribbit
  7139 | D:5      | Reached XP level 9. HP: 21/63 MP: 9/9
  7142 | D:5      | Killed Duvessa
  7161 | Temple   | Entered the Ecumenical Temple
  7529 | Temple   | Became a worshipper of Ru the Awakened
  7751 | D:5      | Found a shadowy altar of Dithmenos.
  8785 | D:6      | Got the Incunabulum of Calling
  8836 | D:6      | Slain by a steam dragon

Illustrated notes

Levels and vault maps discovered:
D:1:      dpeg_arrival_connections, layout_basic, dk_noncrumbling_3, st_stairs_6
D:2:      layout_rooms, st_stairs_6
D:3:      layout_loops_cross, gup_sewer_entry_pipe, uniq_ijyb
D:4:      layout_basic, zin_statuary, kennysheep_mini_moat,
          minmay_joined_circles
D:5:      minmay_angry_zag, layout_basic, grunt_dithmenos_smoke_and_mirrors,
          minmay_temple_entry_overgrown, serial_bayou_ford_a,
          uniq_prince_ribbit1, uniq_duvessa, uniq_menkaure
D:6:      layout_basic
Temple:   regret_index_temple_waves

Skill      XL: |  1  2  3  4  5  6  7  8  9 |
---------------+----------------------------+-----
Stealth        | 1 2 3 4 5 7 |  7.9
Axes           | 3 4 5 |  5.9
Fighting       | 4 5 6 7 |  7.5
Dodging        | 4 5 6 |  6.4
Shields        | 4 |  4.0
Evocations     | 1 3 4 |  4.5

Action                   |  1- 3 |  4- 6 |  7- 9 || total
-------------------------+-------+-------+-------++-------
Melee: War axe           |    62 |    77 |    20 ||   159
       Constrict         |    16 |    24 |    39 ||    79
       Tentacles         |     8 |    20 |    44 ||    72
       Broad axe         |       |       |   131 ||   131
Evoke: Wand              |       |    14 |       ||    14
  Use: Scroll            |     3 |     2 |     7 ||    12
       Potion            |     1 |     1 |     3 ||     5
 Stab: Sleeping          |    11 |     2 |    20 ||    33
       Distracted        |     1 |       |     1 ||     2
Armor: Skin              |     4 |     5 |     9 ||    18
Dodge: Dodged            |    39 |    66 |    84 ||   189
Block: Buckler           |     8 |    21 |    32 ||    61

Table legend: (Time is in decaauts)
 A = Elapsed time spent in this place.
 B = Non-inter-level travel time spent in this place.
 C = Inter-level travel time spent in this place.
 D = Time resting spent in this place.
 E = Time spent auto-exploring this place.
 F = Levels seen in this place.
 G = Mean time per level.
                   A        B        C        D        E       F      G
               +--------+--------+--------+--------+--------+-----+--------+
         Total |   8922 |   8775 |    147 |   2858 |   4628 |   8 | 1115.2 |
       Dungeon |   6293 |   6218 |     75 |   1550 |   3770 |   6 | 1048.8 |
        Temple |    388 |    316 |     72 |      0 |    304 |   1 |  388.0 |
         Sewer |   2240 |   2240 |      0 |   1308 |    554 |   1 | 2240.0 |
               +--------+--------+--------+--------+--------+-----+--------+

Top non-repeatable levels by time:
   Sewer: 2240 daAuts
     D:5: 1714 daAuts
     D:4: 1367 daAuts
     D:1: 975 daAuts
     D:2: 915 daAuts
     D:6: 676 daAuts
     D:3: 644 daAuts
  Temple: 388 daAuts
